 Dungeon Crawl Stone Soup version 0.27-a0-1555-g0e7b3fb1d2 (webtiles) character file.

Game seed: 15298091314804839186

39 PentaManta the Sneak (level 3, -5/26 HPs)
             Began as an Octopode Abyssal Knight on July 15, 2021.
             Was a Believer of Lugonu.
             Splashed by a jelly's acid (7 damage)
             ... on level 2 of the Dungeon.
             The game lasted 00:01:28 (973 turns).

PentaManta the Sneak (Octopode Abyssal Knight)       Turns: 973, Time: 00:01:29

Health: -5/26      AC:  1    Str: 11    XL:     3   Next: 47%
Magic:  4/4        EV: 13    Int: 14    God:    Lugonu [**....]
Gold:   34         SH:  0    Dex: 12    Spells: 2/2 levels left

rFire    . . .     SeeInvis .   c - +0 dagger
rCold    . . .     Faith    .   (no shield)
rNeg     . . .     Spirit   .   (helmet restricted)
rPois    .         Reflect  .   (no amulet)
rElec    .         Harm     .   (no ring)
rCorr    .         Rampage  .   (no ring)
Will     .....                  (no ring)
Stlth    ++++......             (no ring)
HPRegen  0.08/turn              (no ring)
MPRegen  0.09/turn              (no ring)
                                (no ring)
                                (no ring)

@: no status effects
A: almost no armour, amphibious, 8 rings, camouflage 1, gelatinous body 1,
(nimble swimmer 1), tentacles
a: Renounce Religion, Depart the Abyss, Bend Space


You were on level 2 of the Dungeon.
You worshipped Lugonu.
Lugonu was pleased with you.
You visited 1 branch of the dungeon, and saw 2 of its levels.
You visited the Abyss 1 time.

You collected 34 gold pieces.

Inventory:

Hand Weapons
 c - a +0 dagger (weapon)
Missiles
 b - 13 sling bullets
Scrolls
 d - a scroll of fog {unknown}
 h - a scroll of enchant armour {unknown}
Potions
 a - 2 potions of cancellation {unknown}
 e - a potion of ambrosia {unknown}
 f - 2 potions of degeneration {unknown}
 g - a potion of curing {unknown}


   Skills:
 - Level 3.0 Fighting
 - Level 2.3 Dodging
 + Level 4.4 Stealth
 - Level 2.0 Unarmed Combat
 - Level 2.0 Invocations


You had 2 spell levels left.
You didn't know any spells.
Your spell library contained the following spells:

 Spells                   Type           Power      Damage    Failure   Level
 Summon Small Mammal      Summ           0%         N/A       28%         1
 Call Canine Familiar     Summ           0%         N/A       65%         3
 Summon Guardian Golem    Hex/Summ       0%         N/A       65%         3


Dungeon Overview and Level Annotations

Branches:
Dungeon (2/15)

Altars:


Innate Abilities, Weirdness & Mutations

You cannot wear most types of armour.
You are amphibious.
You can wear up to eight rings at the same time.
Your skin changes colour to match your surroundings (Stealth+).
Your rubbery body absorbs attacks. (AC +1, EV +1)
((You are camouflaged near water. (Stealth+)))
You have tentacles for arms and can constrict up to eight enemies at once.


Message History

You hit the jelly.
Your tentacles burn!
You squeeze the jelly.
The jelly is heavily wounded.
The jelly barely misses you.
You hit the jelly.
Your tentacles burn!
The jelly is heavily wounded.
The jelly hits you. The acid corrodes you!
You are splashed with acid!
You are too injured to fight recklessly!
You hit the jelly but do no damage.
Your tentacles burn!
* * * LOW HITPOINT WARNING * * *
The jelly is heavily wounded.
The jelly barely misses you.
You hit the jelly but do no damage.
Your tentacles burn!
* * * LOW HITPOINT WARNING * * *
You tentacle-slap the jelly.
You squeeze the jelly, but do no damage.
The jelly is severely wounded.
The jelly barely misses you.
You hit the jelly but do no damage.
Your tentacles burn!
* * * LOW HITPOINT WARNING * * *
The jelly is severely wounded.
The jelly misses you. The kobold completely misses you.
A worm comes into view.
The jelly completely misses you.
Found a stone staircase leading up.
The kobold throws a stone.
The stone misses you.
You see here a ring of see invisible.
Found a scroll labelled PYADAON LAU.
A ball python comes into view.
The helpless ball python fails to defend itself.
You puncture the ball python!
You kill the ball python!
Lugonu accepts your kill.
You are no longer corroded.
The jelly closely misses you.
You see here a yellow potion.
There is a stone staircase leading up here.
The jelly hits you.
* * * LOW HITPOINT WARNING * * *
You are splashed with acid!
You die...

#. .## #
#.... .#
#.#.##.#
###.#....#
...#..#.#
#.....#
#...#.#
#..@..#
#.?J..#
#.#...#
#=#.#>#
#.#w#.# ###
#K#K#.#
#...#.#.#.#
#...#.#.##
#.#<.....#


You could see a worm, a jelly and a kobold.

Vanquished Creatures
  A gnoll (D:1)
  3 ball pythons
  An endoplasm (D:1)
  A giant cockroach (D:1)
  3 goblins (D:1)
  3 hobgoblins (D:1)
  2 jackals (D:1)
  A quokka (D:1)
  2 bats (D:1)
  3 frilled lizards (D:1)
  2 kobolds (D:1)
  7 rats (D:1)
29 creatures vanquished.

Notes
Turn   | Place    | Note
-------+----------+-------------------------------------------
     0 | Abyss:1  | PentaManta the Octopode Abyssal Knight began the quest for
                  | the Orb.
     0 | Abyss:1  | Reached XP level 1. HP: 16/16 MP: 2/2
    18 | D:1      | Escaped the Abyss
    51 | D:1      | Reached skill level 1 in Stealth
    70 | D:1      | Reached skill level 3 in Stealth
    70 | D:1      | Reached XP level 2. HP: 21/21 MP: 3/3
   318 | D:1      | Reached XP level 3. HP: 25/26 MP: 4/4
   337 | D:1      | Reached skill level 4 in Stealth
   444 | D:1      | Reached ** piety under Lugonu
   954 | D:2      | HP: 1/26 [acid (3)]
   973 | D:2      | Splashed by a jelly's acid

Illustrated notes

Levels and vault maps discovered:
D:1:      wander_arrival_peaceful_grave, layout_basic, hex_tiny
D:2:      layout_basic, hellmonk_ecumenical_altar_blasted, uniq_jessica

Skill      XL: |  1  2  3 |
---------------+----------+-----
Stealth        | 3 4 |  4.4
Fighting       | |  3.0
Dodging        | |  2.3
Unarmed Combat | |  2.0
Invocations    | |  2.0

Action                   || total
-------------------------++-------
Melee: Unarmed           ||    43
       Constrict         ||    14
       Tentacles         ||    17
       Punch             ||     2
       Dagger            ||    27
  Use: Scroll            ||     1
 Stab: Sleeping          ||     7
Armor: Skin              ||     5
Dodge: Dodged            ||    40

Table legend: (Time is in decaauts)
 A = Elapsed time spent in this place.
 B = Non-inter-level travel time spent in this place.
 C = Inter-level travel time spent in this place.
 D = Time resting spent in this place.
 E = Time spent auto-exploring this place.
 F = Levels seen in this place.
 G = Mean time per level.
                   A        B        C        D        E       F      G
               +--------+--------+--------+--------+--------+-----+--------+
         Total |    970 |    953 |     17 |      0 |    746 |   3 |  323.3 |
       Dungeon |    952 |    935 |     17 |      0 |    746 |   2 |  476.0 |
         Abyss |     18 |     18 |      0 |      0 |      0 |   1 |   18.0 |
               +--------+--------+--------+--------+--------+-----+--------+

Top non-repeatable levels by time:
     D:1: 926 daAuts
     D:2: 25 daAuts
 Abyss:1: 18 daAuts
